 Dungeon Crawl Stone Soup version 0.31-a0-485-gaadceae713 (webtiles) character file.

Game seed: 10081640231338393482

14354 MackTheKnife the Grappler (level 11, -1/93 HPs)
             Began as a Black Draconian Shapeshifter on Aug 7, 2023.
             Was a Believer of the Shining One.
             Slain by a boulder beetle (19 damage)
             ... on level 1 of the Lair of Beasts.
             The game lasted 00:18:48 (15591 turns).

MackTheKnife the Grappler (DrSh)                   Turns: 15591, Time: 00:18:49

Health: -1/93      AC: 11    Str: 17    XL:     11   Next: 87%
Magic:  11/11      EV: 15    Int:  5    God:    the Shining One [**....]
Gold:   632        SH:  0    Dex: 16    Spells: 10/10 levels left

rFire   + .          .
                       - Unarmed
rCold   . . .        (no shield)
rNeg    + . .        (body armour unavailable)
rPois   +            n - +2 hat of the Stone Wall {rPois Will++ rCorr Int-4}
rElec   +            F - +0 cloak
rCorr   +            m - +0 pair of gloves
SInv    .            (no boots)
Will    ++...        (no amulet)
Stlth   +            y - ring of flight
HPRegen 0.35/turn    h - ring of protection from fire
MPRegen 0.12/turn

%: no passive effects
@: short of breath, maw-form, flying, glowing
A: devouring maw, reduced hp, breathe lightning, AC +7, unfitting armour,
electricity resistance, cold-blooded
a: Breathe Lightning, Begin Untransformation, Renounce Religion, Divine Shield


You were on level 1 of the Lair of Beasts.
You worshipped the Shining One.
The Shining One was pleased with you.
You were a creature with a mouth for a stomach.
You visited 3 branches of the dungeon, and saw 13 of its levels.

You collected 652 gold pieces.
You donated 20 gold pieces to Zin.


Innate Abilities, Weirdness & Mutations

You are a creature with a mouth for a stomach.
Your midsection houses a second, enormous mouth.
Your maximum health is decreased, since you lack skill for your form.
You can breathe wild blasts of lightning.
Your glossy black scales are hard. (AC +7)
You cannot fit into any form of body armour.
You are resistant to electric shocks. (rElec)
You are cold-blooded and may be slowed by cold attacks.


   Skills:
 - Level 11.2 Fighting
 - Level 6.8 Dodging
 - Level 12.4 Unarmed Combat
 + Level 8.1 Shapeshifting


You had 10 spell levels left.
You didn't know any spells.
Your spell library contained the following spells:

 Spells                   Type           Power      Damage    Failure   Level
 Kiss of Death            Conj/Necr      0%         2d5       47%         1
 Shock                    Conj/Air       0%         1d3       47%         1
 Sting                    Tmut/Pois      0%         1d3       47%         1
 Cigotuvi's Dreadful Rot  Necr/Pois/Air  0%         N/A       63%         2
 Poisonous Vapours        Pois/Air       0%         N/A       63%         2
 Sublimation of Blood     Necr           0%         N/A       63%         2
 Wereblood                Tmut           0%         N/A       63%         2
 Confusing Touch          Hex            0%         N/A       85%         3
 Frozen Ramparts          Ice            0%         1d1       85%         3
 Ozocubu's Armour         Ice            0%         N/A       85%         3
 Summon Guardian Golem    Hex/Summ       0%         N/A       85%         3
 Swiftness                Air            0%         N/A       85%         3
 Airstrike                Air            0%         2d(0-16)  99%         4
 Dispel Undead            Necr           0%         3d6       99%         4
 Olgreb's Toxic Radiance  Pois           0%         N/A       99%         4
 Petrify                  Tmut/Erth      0%         N/A       99%         4
 Irradiate                Conj/Tmut      0%         3d11      100%        5
 Metabolic Englaciation   Hex/Ice        0%         N/A       100%        5
 Summon Forest            Summ/Tloc      0%         N/A       100%        5
 Simulacrum               Ice/Necr       0%         N/A       100%        6
 Orb of Destruction       Conj           0%         9d5       100%        7
 Spellforged Servitor     Conj/Summ      0%         N/A       100%        7
 Polar Vortex             Ice            0%         N/A       100%        9

Inventory:

Missiles
 e - 39 poisoned darts (quivered) {throwing}
Armour
 m - a +0 pair of gloves (worn)
   (You found it on level 2 of the Dungeon)
 n - the +2 hat of the Stone Wall (worn) {rPois Will++ rCorr Int-4}
   (You found it on level 2 of the Dungeon)

   Int:       It affects your intelligence (-4).
   rPois:     It protects you from poison.
   rCorr:     It protects you from acid and corrosion.
   Will:      It greatly increases your willpower.
 F - a +0 cloak (worn)
   (You found it on level 11 of the Dungeon)
Jewellery
 h - a ring of protection from fire (right hand)
   (You found it on level 10 of the Dungeon)
 k - a ring of fire
   (You found it on level 2 of the Dungeon)
 y - a ring of flight (left hand)
   (You found it on level 7 of the Dungeon)
Talismans
 b - a beast talisman {forbidden}
 w - a granite talisman
   (You found it on level 6 of the Dungeon)
 E - a maw talisman (active)
   (You found it on level 10 of the Dungeon)
Wands
 a - a wand of flame (18)
   (You took it off a gnoll on level 5 of the Dungeon)
 t - a wand of roots (4)
   (You found it on level 8 of the Dungeon)
 A - a wand of polymorph (6)
   (You found it on level 10 of the Dungeon)
 B - a wand of charming (6)
   (You found it on level 9 of the Dungeon)
Scrolls
 c - a scroll of revelation
 g - 4 scrolls of enchant armour
 j - 4 scrolls of fear
 l - 3 scrolls of poison {!r}
 x - 2 scrolls of immolation {!r!r}
 z - 3 scrolls of vulnerability {!r!r}
 C - a scroll of brand weapon
 D - 2 scrolls of identify {@r1}
Potions
 d - 5 potions of curing {@q1}
 f - a potion of cancellation
 i - 4 potions of degeneration {unknown}
 o - 4 potions of attraction {!q}
 p - a potion of berserk rage {unknown}
 q - 3 potions of haste {unknown}
 r - a potion of lignification {!q}
 s - 2 potions of heal wounds {@q2}
 u - a potion of resistance {unknown}
 v - a potion of ambrosia {unknown}

Dungeon Overview and Level Annotations

Branches:
Dungeon (11/15) Zot: 23248  Temple (1/1) D:4 Zot: 5711    Lair (1/5) D:8 Zot: 5245
    Orc: D:9-12

Altars:
Ashenzari
Cheibriados
Dithmenos
Elyvilon
Fedhas
Gozag
Hepliaklqana
Kikubaaqudgha
Makhleb
Nemelex Xobeh
Okawaru
Qazlal
Ru
Sif Muna
Trog
Uskayaw
Vehumet
Wu Jian
Xom
Yredelemnul
Zin
The Shining One

Shops:
D:4 ?   D:9 *

Annotations:
D:3 2 transporters
D:8 4 runed translucent doors

##.............#
#..
#.............#
#P.
#####'#######.#
##. #..# ### ##
#.## ###.### ###
#.....#...#
#..[..(##
#...WB..#
##..###...#
#.... ...#
#.P.#. #.#
#.#...# .# #...#
. #.#!. .. #####
.#


You could see a boulder beetle.


Message History

You see here a +0 chain mail.
A cane toad comes into view.
The cane toad gives a loud, deep croak!
The boulder beetle closely misses you.
The boulder beetle stops rolling and uncurls.
The cane toad moves out of view.
You hit the boulder beetle but do no damage.
You hit the boulder beetle.
You bite the boulder beetle, but do no damage.
The boulder beetle closely misses you.
You hit the boulder beetle but do no damage.
You bite the boulder beetle! The boulder beetle bites you! 😕 HP[-16]
You take 16 damage, and now have 75/91 hp.
You hit the boulder beetle. The boulder beetle bites you! 😕 HP[-6]
You take 6 damage, and now have 69/91 hp.
You hit the boulder beetle. You bite the boulder beetle.
The cane toad stings you. 😮 HP[-5]
You take 5 damage, and now have 64/91 hp.
You are too injured to fight recklessly!
You are too injured to fight recklessly!
You are too injured to fight recklessly!
You are too injured to fight recklessly!
You are too injured to fight recklessly!
You are too injured to fight recklessly!
You are too injured to fight recklessly!
You are too injured to fight recklessly!
You are too injured to fight recklessly!
You are too injured to fight recklessly!
You are too injured to fight recklessly!
You are too injured to fight recklessly!
You are too injured to fight recklessly!
You are too injured to fight recklessly!
You punch the cane toad!
You tail-slap the cane toad, but do no damage.
Your punch misses the cane toad. You bite the cane toad.
The boulder beetle bites you.
The cane toad barely misses you. 😮 HP[-5]
You take 5 damage, and now have 59/91 hp.
You punch the cane toad! You tail-slap the cane toad.
The boulder beetle misses you. The cane toad stings you! 😮 HP[-8]
You take 8 damage, and now have 51/91 hp.
You punch the cane toad!
You devour the cane toad!
You feel better.
You kill the cane toad!
The boulder beetle leaps!
Your Shapeshifting skill increases to level 8! 😮 HP[+10]
You now have 93 max hp (+2).
You regained 10 hp, and now have 61/93 hp.
The boulder beetle curls into a ball and begins rolling! 😮 HP[+1]
The boulder beetle hits you.
The boulder beetle stops rolling and uncurls. 😮 HP[-4]
You take 4 damage, and now have 58/93 hp.
You hit the boulder beetle but do no damage.
You bite the boulder beetle!
The boulder beetle bites you but does no damage.
You hit the boulder beetle.
You tail-slap the boulder beetle, but do no damage. 😮 HP[+1]
You hit the boulder beetle but do no damage.
You bite the boulder beetle. The boulder beetle bites you!!
* * * LOW HITPOINT WARNING * * *
😨 HP[-21]
You take 21 damage, and now have 38/93 hp.
MASSIVE DAMAGE!! (PAUSE)
You hit the boulder beetle but do no damage.
You bite the boulder beetle, but do no damage.
The boulder beetle bites you!
* * * LOW HITPOINT WARNING * * *
😨 HP[-7]
You take 7 damage, and now have 31/93 hp.
You punch the boulder beetle!
You bite the boulder beetle, but do no damage.
The boulder beetle closely misses you.
You hit the boulder beetle. You tail-slap the boulder beetle!
You punch the boulder beetle, but do no damage. 😨 HP[+1]
You hit the boulder beetle but do no damage.
You tail-slap the boulder beetle, but do no damage.
The boulder beetle closely misses you.
Activating: Breathe Lightning (3% risk of failure)
Press: ? - help, Dir - look around, f - activate You breathe a wild blast of lightning!
The orb of electricity explodes!
The orb of electricity engulfs the boulder beetle but does no damage.
The orb of electricity engulfs you! You resist.
* * * LOW HITPOINT WARNING * * *
You hear a loud, deep croak!
The boulder beetle bites you.
* * * LOW HITPOINT WARNING * * *
😱 HP[-15]
You take 15 damage, and now have 17/93 hp.
Unknown command.
You hit the boulder beetle. You tail-slap the boulder beetle.
The boulder beetle bites you!!
You die...

Skill      XL: |  1  2  3  4  5  6  7  8  9 10 11 |
---------------+----------------------------------+-----
Fighting       | 2 3 4 5 7 8 11 | 11.2
Unarmed Combat | 4 5 6 7 8 10 12 | 12.4
Dodging        | 2 5 6 |  6.8
Shapeshifting  | 8 |  8.1

Action                     |  1- 3 |  4- 6 |  7- 9 | 10-12 || total
---------------------------+-------+-------+-------+-------++-------
  Melee: Unarmed           |   109 |   163 |   311 |   458 ||  1041
         Tailslap          |    10 |    20 |    52 |    87 ||   169
         Punch             |     4 |     9 |    13 |    29 ||    55
         Maw               |       |       |       |    14 ||    14
  Throw: Dart              |       |     4 |     8 |     1 ||    13
Ability: Breathe Lightning |       |       |     3 |     4 ||     7
  Evoke: Wand              |       |       |       |    24 ||    24
    Use: Scroll            |     3 |       |     7 |     6 ||    16
         Potion            |       |       |     2 |       ||     2
   Stab: Sleeping          |     1 |       |     1 |     1 ||     3
         Distracted        |       |       |     1 |       ||     1
 Armour: Skin              |    30 |    49 |   103 |   124 ||   306
  Dodge: Dodged            |    63 |    69 |   232 |   340 ||   704
         Form:             |     1 |       |     2 |       ||     3
         Statue            |       |       |     2 |       ||     2
         Maw               |       |       |       |     1 ||     1

Levels and vault maps discovered:
D:1:      spicycebolla_arrival_ecumenical, layout_basic, serial_forest,
          infiniplex_forest_straight_4, infiniplex_forest_clump_diagonal,
          infiniplex_forest_clump_tiny, infiniplex_forest_straight_3
D:2:      layout_loops_ring, serial_forest, infiniplex_forest_split,
          infiniplex_forest_side_room, infiniplex_forest_clump_diagonal,
          infiniplex_forest_end_2
D:3:      gammafunk_wand_slinger, layout_basic, nzn_wu_jian_council_hall,
          gammafunk_temple_overflow_wave, grunt_decor_junction,
          minmay_misc_feat_cross
D:4:      layout_basic, minmay_temple_entry_glassed_door, serial_shops,
          nicolae_shop_rolling_square
D:5:      layout_basic, nicolae_overflow_crystal_walls, fedhas_altar_2,
          serial_curves, eino_curves_02, eino_curves_01, grunt_ministairs_12,
          nicolae_the_louvre, uniq_prince_ribbit1
D:6:      layout_cave_pools, nicolae_ru_awakened_eye
D:7:      layout_cave_pools, lemuel_tele_altar, nicolae_hexahallways,
          kennysheep_doodads, hangedman_abyss_or_decor_stagger
D:8:      layout_loops_ring, erik_lair_island, minmay_hollow_rounded_squares,
          uniq_psyche
D:9:      layout_loops_ring, serial_shops, nicolae_shop_waterfront
D:10:     layout_loops_ring, nzn_sisyphean_effort, uniq_maggie
D:11:     layout_basic
Temple:   nicolae_temple_bog_church
Lair:1:   layout_roguey, worms_lemuel, grunt_megastairs_5,
          infiniplex_staircase_pool

Notes
Turn   | Place    | Note
-------+----------+-------------------------------------------
     0 | D:1      | MackTheKnife the Draconian Shapeshifter began the quest for
                  | the Orb.
     0 | D:1      | Reached XP level 1. HP: 16/16 MP: 1/1
     0 | D:1      | magus.rc [v1.9.6]
    13 | D:1      | You pick up a book of Air and begin reading...
    13 | D:1      | You add the spells Shock, Swiftness and Airstrike to your
                  | library.
    45 | D:1      | Reached XP level 2. HP: 13/24 MP: 2/2
   119 | D:1      | Reached skill level 2 in Fighting
   665 | D:1      | You pick up a book of Sloth and begin reading...
   665 | D:1      | You add the spells Frozen Ramparts, Petrify and Metabolic
                  | Englaciation to your library.
   937 | D:2      | Reached XP level 3. HP: 20/30 MP: 3/3
  1507 | D:2      | Identified the +2 hat of the Stone Wall {rPois Will++ rCorr
                  | Int-4}
  1935 | D:3      | Found a transporter.
  1956 | D:3      | Found a transporter.
  2012 | D:3      | Reached skill level 3 in Fighting
  2021 | D:3      | Reached skill level 4 in Unarmed Combat
  2196 | D:3      | Reached XP level 4. HP: 38/38 MP: 4/4
  2644 | D:3      | Found an ornate altar of the Wu Jian Council.
  2745 | D:3      | Found a hide-covered altar of Uskayaw.
  2745 | D:3      | Found a bloodstained altar of Trog.
  3098 | D:4      | Found a staircase to the Ecumenical Temple.
  3106 | Temple   | Entered the Ecumenical Temple
  3157 | Temple   | Became a worshipper of Zin the Law-Giver
  3157 | Temple   | Reached * piety under Zin
  3285 | D:4      | Noticed an ogre
  3310 | D:3      | HP: 8/38 [gnoll/+0 whip (2)]
  3519 | D:4      | Reached XP level 5. HP: 46/46 MP: 5/5
  3522 | D:4      | HP: 11/46 [ogre/+0 giant club (16)]
  3523 | D:4      | Killed an ogre
  3524 | D:4      | Reached skill level 4 in Fighting
  3524 | D:4      | Reached skill level 5 in Unarmed Combat
  3526 | D:4      | Upgraded the game from 0.31-a0-473-g61b50ae490 to
                  | 0.31-a0-485-gaadceae713
  3526 | D:4      | magus.rc [v1.9.6]
  3689 | Temple   | Fell from the grace of Zin
  3689 | Temple   | Became a worshipper of the Shining One
  3712 | Temple   | Fell from the grace of the Shining One
  3712 | Temple   | Became a worshipper of Elyvilon the Healer
  3983 | D:4      | Found Zefis's Magic Scroll Shop.
  3983 | D:4      | Noticed a black bear
  3996 | D:4      | Killed a black bear
  3997 | D:4      | Reached XP level 6. HP: 49/55 MP: 6/6
  4000 | D:4      | Reached skill level 5 in Fighting
  4211 | D:5      | Entered Level 5 of the Dungeon
  4613 | D:5      | Reached skill level 6 in Unarmed Combat
  4653 | D:5      | You add the spells Summon Guardian Golem and Summon Forest
                  | to your library.
  4653 | D:5      | Got the Grimoire of the Familiar
  4680 | D:5      | Your scales start taking on a glossy black colour.
  4680 | D:5      | Reached XP level 7. HP: 51/62 MP: 7/7
  4680 | D:5      | Gained mutation: You are resistant to electric shocks.
                  | (rElec) [Black Draconian growth]
  4735 | D:5      | Noticed Prince Ribbit
  4748 | D:4      | HP: 15/62 [Prince Ribbit (7)]
  4749 | D:4      | HP: 7/62 [Prince Ribbit (8)]
  4756 | D:4      | Killed Prince Ribbit
  4757 | D:4      | Reached skill level 6 in Fighting
  5365 | D:5      | Reached skill level 7 in Unarmed Combat
  5472 | D:5      | Reached skill level 7 in Fighting
  5621 | D:5      | Reached skill level 2 in Dodging
  5630 | D:5      | Reached XP level 8. HP: 68/73 MP: 8/8
  5668 | D:5      | You pick up a book of Touch and begin reading...
  5668 | D:5      | You add the spells Kiss of Death, Confusing Touch and
                  | Dispel Undead to your library.
  5711 | D:5      | Reached * piety under Elyvilon
  5930 | D:5      | Found a blossoming altar of Fedhas.
  5944 | D:5      | Reached skill level 3 in Dodging
  5996 | D:5      | Found a hazy altar of Hepliaklqana.
  6187 | D:5      | Reached skill level 8 in Unarmed Combat
  6510 | D:6      | Noticed a two-headed ogre
  6656 | D:5      | magus.rc [v1.9.6]
  6656 | D:5      | magus.rc [v1.9.6]
  6714 | D:6      | Reached skill level 4 in Dodging
  7109 | D:6      | Reached ** piety under Elyvilon
  7130 | D:6      | Reached skill level 5 in Dodging
  7144 | D:6      | Reached XP level 9. HP: 53/79 MP: 9/9
  7182 | D:6      | Reached skill level 9 in Unarmed Combat
  7272 | D:6      | HP: 8/79 [two-headed ogre/+0 giant club (16)]
  7272 | D:6      | Elyvilon protects you from harm!
  7274 | D:6      | Killed a two-headed ogre
  7275 | D:6      | Reached skill level 6 in Dodging
  7539 | D:6      | Found a sacrificial altar of Ru.
  8012 | D:7      | You pick up a book of Dangerous Friends and begin
                  | reading...
  8012 | D:7      | You add the spells Orb of Destruction and Spellforged
                  | Servitor to your library.
  8071 | D:7      | Reached skill level 10 in Unarmed Combat
  8459 | D:7      | Found a snail-covered altar of Cheibriados.
  8600 | D:7      | Reached *** piety under Elyvilon
  9080 | D:8      | Noticed Psyche
  9091 | D:8      | Killed Psyche
  9092 | D:8      | Reached skill level 8 in Fighting
  9355 | D:8      | Found a large runed translucent door.
  9355 | D:8      | Found a large runed translucent door.
  9358 | D:8      | Noticed a cyclops
  9383 | D:8      | Found a large runed translucent door.
  9383 | D:8      | Found a large runed translucent door.
  9447 | D:8      | Reached XP level 10. HP: 24/90 MP: 10/10
  9686 | D:8      | Reached skill level 9 in Fighting
  9703 | D:8      | Reached skill level 11 in Unarmed Combat
  9753 | D:8      | You add the spells Sting, Poisonous Vapours and Olgreb's
                  | Toxic Radiance to your library.
  9877 | D:8      | Found a staircase to the Lair.
 10193 | D:8      | Reached skill level 10 in Fighting
 10322 | D:8      | Identified the +6 trident of Shrieking Terror {freeze, Fly
                  | rF+}
 10629 | D:8      | You pick up a book of Alchemy and begin reading...
 10629 | D:8      | You add the spells Sublimation of Blood and Irradiate to
                  | your library.
 10895 | D:8      | You add the spells Cigotuvi's Dreadful Rot, Ozocubu's
                  | Armour, Simulacrum and Polar Vortex to your library.
 10895 | D:8      | Got the Grimoire of Shadowy Glaciation
 10944 | D:9      | Reached **** piety under Elyvilon
 10952 | D:9      | You are sucked into a shaft and drop 2 floors!
 10966 | D:11     | Noticed a two-headed ogre
 10975 | D:10     | Entered Level 10 of the Dungeon
 11385 | D:9      | Found Pepigixo's Assorted Antiques.
 11391 | D:9      | Reached skill level 12 in Unarmed Combat
 11453 | D:9      | Noticed a two-headed ogre
 11463 | D:9      | Killed a two-headed ogre
 11464 | D:9      | Reached skill level 11 in Fighting
 12018 | D:9      | Reached XP level 11. HP: 50/102 MP: 11/11
 12389 | D:10     | Noticed Maggie
 12401 | D:10     | Killed Maggie
 12499 | D:10     | Noticed a boulder beetle
 12600 | D:10     | Killed a boulder beetle
 12615 | D:10     | HP: 23/102 [orc warrior/+5 battleaxe (13)]
 12617 | D:10     | HP: 11/102 [orc warrior/+5 battleaxe (13)]
 13403 | D:11     | Reached skill level 4 in Shapeshifting
 13412 | D:11     | HP: 25/102 [centaur (5)]
 13636 | D:11     | Reached ***** piety under Elyvilon
 13729 | D:11     | Reached skill level 5 in Shapeshifting
 13884 | D:11     | Noticed a sun demon
 14187 | D:11     | Killed a two-headed ogre
 14188 | D:11     | Reached skill level 6 in Shapeshifting
 14327 | D:11     | Noticed a boulder beetle
 14552 | Lair:1   | Entered Level 1 of the Lair of Beasts
 14943 | Temple   | Fell from the grace of Elyvilon
 14943 | Temple   | Became a worshipper of the Shining One
 14943 | Temple   | Reached * piety under the Shining One
 14943 | Temple   | Reached ** piety under the Shining One
 15128 | Lair:1   | Reached skill level 7 in Shapeshifting
 15529 | Lair:1   | You pick up a book of Changes and begin reading...
 15568 | Lair:1   | Noticed a boulder beetle
 15580 | Lair:1   | Reached skill level 8 in Shapeshifting
 15590 | Lair:1   | HP: 22/93 [shot self (10)]
 15591 | Lair:1   | Slain by a boulder beetle

Vanquished Creatures
  3 two-headed ogres
  A boulder beetle (D:10)
  2 cane toads (Lair:1)
  Maggie (D:10)
  Psyche (D:8)
  2 kobold demonologists (D:11)
  A rime drake (Lair:1)
  4 trolls
  3 hornets
  3 blink frogs (Lair:1)
  Prince Ribbit (D:4)
  A slime creature (D:8)
  A shadow (D:9)
  2 wraiths (D:10)
  8 yaks
  2 wyverns
  2 steam dragons
  2 acid dragons
  4 water moccasins
  A sky beast (D:8)
  2 ice beasts
  2 orc warriors
  2 black bears
  2 ogres
  2 wolves (D:8)
  8 centaurs
  2 phantoms
  7 kobold brigands
  2 bullfrogs (Lair:1)
  2 scorpions (D:5)
  2 gnoll sergeants
  4 wights
  12 killer bees
  5 howler monkeys
  5 electric eels (D:8)
  4 jellies
  4 gnoll boudas
  10 hounds
  5 iguanas
  5 orc priests
  A sleepcap (D:6)
  3 orc wizards
  26 gnolls
  4 adders
  A shadow imp (D:8)
  2 white imps (D:5)
  An ufetubus (D:7)
  2 worms
  2 dart slugs
  18 orcs
  7 bats
  7 endoplasms
  2 giant cockroaches
  12 goblins
  5 hobgoblins
  27 kobolds
  3 quokkas
  8 ball pythons
  4 frilled lizards
  9 rats
276 creatures vanquished.

Table legend:
 A = Non-vault XP
 B = Vault XP
 C = Vault XP percentage of total XP
 D = Non-vault monster count
 E = Vault monster count
 F = Vault count percentage of total count
                 A         B        C        D         E       F
            +---------+---------+-------+---------+---------+-------
      Total |   16135 |    4372 |  21.3 |     247 |      29 |  10.5
            +---------+---------+-------+---------+---------+-------
        D:1 |      38 |       0 |   0.0 |      25 |       0 |   0.0
        D:2 |      39 |       0 |   0.0 |      15 |       0 |   0.0
        D:3 |      65 |       0 |   0.0 |      21 |       0 |   0.0
        D:4 |     438 |     264 |  37.6 |      18 |       1 |   5.3
        D:5 |    1270 |      11 |   0.9 |      36 |       1 |   2.7
        D:6 |    1938 |       0 |   0.0 |      17 |       0 |   0.0
        D:7 |     395 |       0 |   0.0 |      18 |       0 |   0.0
        D:8 |    1854 |    2256 |  54.9 |      27 |      21 |  43.8
        D:9 |    2405 |       0 |   0.0 |      16 |       0 |   0.0
       D:10 |    1139 |    1238 |  52.1 |      19 |       2 |   9.5
       D:11 |    3366 |       0 |   0.0 |      22 |       0 |   0.0
     Lair:1 |    3188 |     603 |  15.9 |      13 |       4 |  23.5
            +---------+---------+-------+---------+---------+-------

Skill      XL: |  1  2  3  4  5  6  7  8  9 10 11 |
---------------+----------------------------------+-----
Fighting       | 2 3 4 5 7 8 11 | 11.2
Unarmed Combat | 4 5 6 7 8 10 12 | 12.4
Dodging        | 2 5 6 |  6.8
Shapeshifting  | 8 |  8.1

Action                     |  1- 3 |  4- 6 |  7- 9 | 10-12 || total
---------------------------+-------+-------+-------+-------++-------
  Melee: Unarmed           |   109 |   163 |   311 |   458 ||  1041
         Tailslap          |    10 |    20 |    52 |    87 ||   169
         Punch             |     4 |     9 |    13 |    29 ||    55
         Maw               |       |       |       |    14 ||    14
  Throw: Dart              |       |     4 |     8 |     1 ||    13
Ability: Breathe Lightning |       |       |     3 |     4 ||     7
  Evoke: Wand              |       |       |       |    24 ||    24
    Use: Scroll            |     3 |       |     7 |     6 ||    16
         Potion            |       |       |     2 |       ||     2
   Stab: Sleeping          |     1 |       |     1 |     1 ||     3
         Distracted        |       |       |     1 |       ||     1
 Armour: Skin              |    30 |    49 |   103 |   124 ||   306
  Dodge: Dodged            |    63 |    69 |   232 |   340 ||   704
         Form:             |     1 |       |     2 |       ||     3
         Statue            |       |       |     2 |       ||     2
         Maw               |       |       |       |     1 ||     1

Illustrated notes

Table legend:
 A = Kills in this place as a percentage of kills in the entire game.
 B = Kills by you in this place as a percentage of kills by you in the entire game.
 C = Kills by friends in this place as a percentage of kills by friends in the entire game.
 D = Other kills in this place as a percentage of other kills in the entire game.
 E = Experience gained in this place as a percentage of experience gained in the entire game.
 F = Experience gained in this place divided by the number of levels of this place that you have seen.
                   A       B       C       D       E      F
               +-------+-------+-------+-------+-------+----------------------
         Total | 100.0 | 100.0 |   N/A |   N/A | 100.0 | 1577.5
       Dungeon |  93.8 |  93.8 |   N/A |   N/A |  81.5 | 1519.6
          Lair |   6.2 |   6.2 |   N/A |   N/A |  18.5 | 3791.0
               +-------+-------+-------+-------+-------+----------------------

Table legend: (Time is in decaauts)
 A = Elapsed time spent in this place.
 B = Non-inter-level travel time spent in this place.
 C = Inter-level travel time spent in this place.
 D = Time resting spent in this place.
 E = Time spent auto-exploring this place.
 F = Levels seen in this place.
 G = Mean time per level.
                   A        B        C        D        E       F      G
               +--------+--------+--------+--------+--------+-----+--------+
         Total |  15454 |  14382 |   1072 |   4064 |   7890 |  13 | 1188.8 |
       Dungeon |  14411 |  13430 |    981 |   3593 |   7680 |  11 | 1310.1 |
        Temple |    288 |    228 |     60 |     99 |      0 |   1 |  288.0 |
          Lair |    754 |    724 |     30 |    372 |    210 |   1 |  754.0 |
               +--------+--------+--------+--------+--------+-----+--------+

Top non-repeatable levels by time:
     D:4: 1946 daAuts
     D:5: 1926 daAuts
     D:8: 1914 daAuts
     D:9: 1626 daAuts
     D:3: 1120 daAuts
     D:6: 1087 daAuts
     D:2: 1063 daAuts
    D:11: 1017 daAuts
     D:7: 1009 daAuts
    D:10: 879 daAuts
     D:1: 820 daAuts
  Lair:1: 754 daAuts
  Temple: 288 daAuts
